 Dungeon Crawl Stone Soup version 0.17-a0-1636-g3119f2b (webtiles) character file.

1860 urechis the Cutter (level 9, -1/41 HPs)
             Began as a Vine Stalker Necromancer on Aug 6, 2015.
             Killed by nerve-wracking pain
             ... invoked by Menkaure
              (7 damage)
             ... on level 6 of the Dungeon.
             The game lasted 00:16:13 (4951 turns).

urechis the Cutter (Vine Stalker Necromancer)       Turns: 4951, Time: 00:16:13

Health: -1/41      AC:  9    Str: 11    XL:     9   Next: 13%
Magic:  0/13       EV: 12    Int: 18    God:
Gold:   348        SH:  0    Dex: 17    Spells: 2 memorised, 7 levels left

rFire  . . .     SeeInvis .     s - +0 rapier (curse)
rCold  . . .     Clarity  .     G - +2 robe {MR+}
rNeg   . . .     SustAt   .     (no shield)
rPois  .         Gourm    .     m - +2 helmet
rElec  .         Spirit   +     (no cloak)
rCorr  .         Warding  .     d - +0 pair of gloves (curse)
rMut   .         Stasis   .     p - +0 pair of boots
MR     ++...                    (no amulet)
Stlth  ++........               (no ring)
                                (no ring)

@: very resistant to hostile enchantments, unstealthy
A: fangs 3, agile 1, frail 1, regeneration 2, wild magic 1, magic shield,
antimagic bite, no device heal 3, rot immunity
a: no special abilities


You were on level 6 of the Dungeon.
You were very hungry.

You visited 1 branch of the dungeon, and saw 6 of its levels.
You also visited: Ossuary.

You collected 348 gold pieces.

Inventory:

Hand weapons
 s - a cursed +0 rapier (weapon)
Armour
 d - a cursed +0 pair of gloves (worn)
 e - a +2 leather armour of cold resistance
 m - a +2 helmet (worn)
 p - a +0 pair of boots (worn)
 G - a +2 robe of magic resistance (worn)
Magical devices
 t - a wand of fire (5)
Scrolls
 f - 5 scrolls of identify {unknown}
 g - 4 scrolls of immolation {unknown}
 h - a scroll of recharging {unknown}
 i - 2 scrolls of blinking {unknown}
 k - 2 scrolls of enchant armour {unknown}
 l - 2 scrolls of magic mapping {unknown}
 n - 2 scrolls of teleportation {unknown}
 q - 3 scrolls of noise {unknown}
 r - a scroll of fog {unknown}
 v - 3 scrolls of remove curse {unknown}
 z - 2 scrolls of amnesia {unknown}
 H - a scroll of summoning {unknown}
Potions
 j - 2 potions of resistance {unknown}
 o - a potion of berserk rage {unknown}
 u - 4 potions of lignification {unknown}
 x - a potion of brilliance {unknown}
 A - 2 potions of poison {unknown}
 B - a potion of magic {unknown}
 C - 3 potions of curing
 D - a potion of flight {unknown}
Books
 b - a book of Necromancy

   Spells                             Type                      Level
   a - Pain                           Necromancy                   1
   b - Animate Skeleton               Necromancy                   1
   c - Vampiric Draining              Necromancy                   3
   d - Regeneration                   Charms/Necromancy            3
   e - Animate Dead                   Necromancy                   4
   f - Control Undead                 Necromancy                   4
 w - a book of Minor Magic

   Spells                             Type                      Level
   a - Magic Dart                     Conjuration                  1
   b - Blink                          Translocation                2
   c - Call Imp                       Summoning                    2
   d - Repel Missiles                 Charms/Air                   2
   e - Slow                           Hexes                        2
   f - Conjure Flame                  Conjuration/Fire             3
   g - Mephitic Cloud                 Conjuration/Poison/Air       3
 y - a book of Flames

   Spells                             Type                      Level
   a - Flame Tongue                   Conjuration/Fire             1
   b - Throw Flame                    Conjuration/Fire             2
   c - Conjure Flame                  Conjuration/Fire             3
   d - Inner Flame                    Hexes/Fire                   3
   e - Sticky Flame                   Conjuration/Fire             4
   f - Fireball                       Conjuration/Fire             5
Comestibles
 a - a beef jerky
 c - 3 bread rations
 E - 3 fruits
 F - 2 meat rations


   Skills:
 + Level 4.8 Fighting
 * Level 7.4 Short Blades
 - Level 1.5 Dodging
 - Level 2.4 Stealth
 - Level 2.1 Spellcasting
 - Level 7.2 Necromancy


You had 7 spell levels left.
You knew the following spells:

 Your Spells              Type           Power        Failure   Level  Hunger
a - Pain                  Necr           ####         3%          1    #......
b - Control Undead        Necr           #####.....   22%         4    #####..


Dungeon Overview and Level Annotations

Branches:
Dungeon (6/15)
 Temple: D:4-7

Altars:
Dithmenos
Elyvilon
Fedhas
Nemelex Xobeh
Ru
Sif Muna
Trog
Vehumet

Annotations:
D:4 exclusion: statue, Grinder
D:6 Menkaure


Innate Abilities, Weirdness & Mutations

You have razor-sharp teeth.
You heal very quickly.
When hurt, damage is shared between your health and your magic reserves.
Your bite disrupts and absorbs the magic of your enemies.
Potions and wands cannot restore your health.
You are immune to rotting.
You are agile. (Dex +2)
You are frail (-10% HP).
Your spells are a little harder to cast, but a little more powerful.


Message History

Press: ? - help, Shift-Dir - straight line, f - Menkaure
Aim: Menkaure (fast, chance to defeat MR: 84%) Menkaure is unaffected.
Menkaure points at you and mumbles some strange words.
You resist with almost no effort. The gnoll barely misses you.
Menkaure calls on the powers of darkness!
The gnoll convulses!
Your body is wracked with pain!
* * * LOW HITPOINT WARNING * * *
Drink which item? (? for menu, Esc to quit)
You have no ailments to cure.
Drink which item? (? for menu, Esc to quit)
Okay, then.
Read which item? (? for menu, Esc to quit)
Okay, then.
Menkaure grins.
You hit Menkaure.
Menkaure is moderately damaged.
Menkaure gestures at you while chanting.
Pain shoots through your body!
You die...

### ## ##.# #.#
##..## # #.##
##....### #@#
##........ #M##
##.....##.. ##g##
##).....###.
#.)###...........
##...............
#..........####.
##.........# ##
##.........#
##...###...##


You could see Menkaure and a gnoll.

Vanquished Creatures
  An orc warrior (D:4)
  A sky beast (D:6)
  4 ogres (D:4)
  Blork the orc (D:6)
  2 elf zombies (Ossuary)
  7 scorpions (D:5)
  3 centaur zombies (Ossuary)
  2 human zombies (Ossuary)
  A gnoll shaman (D:6)
  A jelly (D:5)
  An orc priest (D:5)
  2 orc wizards
  3 worker ants
  2 iguanas
  3 mummies (Ossuary)
  9 adders
  4 gnolls (D:6)
  A shadow imp (D:5)
  An adder skeleton (D:4)
  2 giant geckos
  14 orcs
  5 ball pythons
  8 goblins
  5 hobgoblins
  2 jackals (D:3)
  4 quokkas
  14 bats
  4 giant cockroaches
  5 giant newts
  11 kobolds
  8 rats
131 creatures vanquished.

Vanquished Creatures (collateral kills)
  3 elf zombies (Ossuary)
  A centaur zombie (Ossuary)
  A human zombie (Ossuary)
5 creatures vanquished.

Grand Total: 136 creatures vanquished

Notes
Turn   | Place    | Note
--------------------------------------------------------------
     0 | D:1      | urechis the Vine Stalker Necromancer began the quest for the Orb.
     0 | D:1      | Reached XP level 1. HP: 9/9 MP: 4/4
   129 | D:1      | Reached XP level 2. HP: 13/13 MP: 4/6
   511 | D:2      | Reached XP level 3. HP: 16/16 MP: 7/7
   543 | D:2      | Reached skill level 5 in Necromancy
  1013 | D:2      | Found a shadowy altar of Dithmenos.
  1043 | D:2      | Found a sparkling altar of Nemelex Xobeh.
  1416 | D:3      | Found a bloodstained altar of Trog.
  1512 | D:3      | Reached XP level 4. HP: 21/21 MP: 6/8
  1695 | D:3      | Found a white marble altar of Elyvilon.
  2012 | D:3      | Found a sacrificial altar of Ru.
  2340 | D:3      | Reached skill level 6 in Necromancy
  2523 | D:4      | Noticed an orc warrior
  2534 | D:4      | Reached XP level 5. HP: 24/24 MP: 7/9
  2595 | D:4      | Found a deep blue altar of Sif Muna.
  2673 | D:4      | Found a radiant altar of Vehumet.
  2673 | D:4      | Noticed a frost-covered statue
  2762 | D:4      | Noticed Grinder
  2775 | D:4      | Gained mutation: Your spells are a little harder to cast, but a little more powerful. [potion of mutation]
  2775 | D:4      | Gained mutation: You are agile. (Dex +2) [potion of mutation]
  2775 | D:4      | Gained mutation: You are frail (-10% HP). [potion of mutation]
  2777 | D:4      | HP: 1/21 [Grinder (2)]
  2789 | D:4      | Paralysed by Grinder for 6 turns
  2988 | D:4      | Killed an orc warrior
  2988 | D:4      | Reached skill level 7 in Necromancy
  2988 | D:4      | Gained mutation: You heal very quickly. [Vine Stalker growth]
  2988 | D:4      | Reached XP level 6. HP: 20/25 MP: 3/10
  3028 | D:4      | Noticed an ogre
  3034 | D:4      | Killed an ogre
  3034 | D:4      | Reached skill level 1 in Short Blades
  3093 | D:4      | Noticed an ogre
  3109 | D:4      | Reached skill level 1 in Fighting
  3127 | D:4      | Killed an ogre
  3127 | D:4      | Reached XP level 7. HP: 27/29 MP: 7/11
  3139 | D:4      | Noticed an ogre
  3159 | D:4      | Killed an ogre
  3378 | D:4      | Noticed an ogre
  3385 | D:4      | Killed an ogre
  3489 | D:5      | Entered Level 5 of the Dungeon
  3658 | D:5      | Found a blossoming altar of Fedhas.
  3684 | D:5      | Found a sand-covered staircase.
  3702 | Ossuary  | Entered an ossuary
  3715 | Ossuary  | Learned a level 4 spell: Control Undead
  3783 | Ossuary  | Gained mutation: You have razor-sharp teeth. [Vine Stalker growth]
  3783 | Ossuary  | Reached XP level 8. HP: 13/36 MP: 9/12
  3868 | Ossuary  | Reached skill level 5 in Short Blades
  4426 | D:5      | Reached XP level 9. HP: 27/41 MP: 7/13
  4833 | D:6      | Noticed Blork the orc
  4897 | D:6      | Killed Blork the orc
  4921 | D:6      | Noticed Menkaure
  4951 | D:6      | Killed from afar by Menkaure

Vault maps used:
D:1:      dpeg_arrival_stone_temple_mockup
D:2:      lemuel_crystal_altar, lemuel_round_altar, first_bread
D:3:      lemuel_doored_altar, nicolae_ru_the_path_less_chosen,
          overflow_temple_1_default
D:4:      minmay_opposing_rooms, lemuel_crystal_altar, vehumet_statue,
          uniq_grinder
D:5:      old_forge, nicolae_ossuary_entry_ruins, basic_altar
D:6:      overflow_temple_1_default, minmay_misc_feat_hallway, uniq_duvessa,
          uniq_menkaure, uniq_blork_the_orc
Ossuary:  ossuary_minmay_four_chambers

Action                   |  1- 3 |  4- 6 |  7- 9 || total
-------------------------+-------+-------+-------++-------
Melee: Short sword       |   108 |     4 |       ||   112
       Unarmed           |     4 |       |       ||     4
       Rapier            |       |   161 |   329 ||   490
 Cast: Pain              |    12 |    35 |    42 ||    89
       Control Undead    |       |       |     3 ||     3
  Use: Potion            |       |     2 |       ||     2
 Stab: Sleeping          |    10 |     1 |     4 ||    15
       Distracted        |       |       |     1 ||     1
       Held in net/web   |       |       |     1 ||     1
       Betrayed ally     |       |       |     1 ||     1
  Eat: Chunk             |     2 |     5 |     6 ||    13
       Fruit             |       |       |     2 ||     2
